 Dungeon Crawl Stone Soup version 0.28.0-53-g5a82cb258f (webtiles) character file.

Game seed: 6468101688584892630

12046 Peloso the Carver (level 11, -2/101 HPs)
             Began as a Minotaur Fighter on June 14, 2022.
             Was an Elder of Okawaru.
             Slain by a reaper
             ... wielding a +1 scythe of distortion
              (18 damage)
             ... in a Gauntlet.
             The game lasted 00:26:47 (15076 turns).

Peloso the Carver (Minotaur Fighter)               Turns: 15076, Time: 00:26:48

Health: -2/101     AC: 18    Str: 22    XL:     11   Next: 57%
Magic:  10/11      EV:  8    Int:  5    God:    Okawaru [****..]
Gold:   639        SH: 12    Dex: 13    Spells: 10/10 levels left

rFire   . . .      SeeInvis .   a - +0 long sword
rCold   . . .      Faith    .   c - +2 kite shield {rN+}
rNeg    + + +      Spirit   .   h - +3 chain mail {rN+}
rPois   .          Reflect  .   (helmet restricted)
rElec   +          Harm     .   H - +1 cloak "Zixiz" {rElec Will+}
rCorr   .          Rampage  .   (no gloves)
Will    +....      NoTele   +   (no boots)
Stlth   ..........              (no amulet)
HPRegen 0.26/turn               K - ring of positive energy
MPRegen 0.12/turn               C - ring of positive energy

@: mighty, studying Armour
A: horns 2, retaliatory headbutt
a: Renounce Religion, Heroism, Finesse


You were in a Gauntlet.
You worshipped Okawaru.
Okawaru was greatly pleased with you.
You visited 2 branches of the dungeon, and saw 12 of its levels.
You also visited: Gauntlet.

You collected 727 gold pieces.
You spent 88 gold pieces at shops.

Inventory:

Hand Weapons
 a - a +0 long sword (weapon)
 b - a +2 halberd of flaming
Missiles
 m - 5 throwing nets (quivered)
Armour
 c - a +2 kite shield of positive energy (worn)
 d - the -5 hat of Nihilism {rF+ Dex+6}
   (You found it in a Gauntlet)

   Dex:       It affects your dexterity (+6).
   rF:        It protects you from fire.
 h - a +3 chain mail of positive energy (worn)
 t - a +0 chain mail of fire resistance
 H - the +1 cloak "Zixiz" (worn) {rElec Will+}
   (You found it on level 8 of the Dungeon)

   rElec:     It insulates you from electricity.
   Will:      It increases your willpower.
 I - a +2 chain mail of willpower
 N - +0 ice dragon scales
Jewellery
 s - an amulet of magic regeneration
 B - a ring of fire
 C - a ring of positive energy (right hand)
 E - a ring of poison resistance
 K - a ring of positive energy (left hand)
Wands
 k - a wand of charming (8)
 n - a wand of paralysis (7)
 o - a wand of digging (14)
 q - a wand of iceblast (1)
 u - a wand of flame (44)
 J - a wand of mindburst (4)
Scrolls
 e - 5 scrolls of enchant weapon
 g - 4 scrolls of teleportation {unknown}
 i - 4 scrolls of fog
 l - a scroll of noise
 p - a scroll of enchant armour
 r - 2 scrolls of torment {unknown}
 y - a scroll of immolation {unknown}
 z - 2 scrolls of silence {unknown}
 A - a scroll of fear {unknown}
 D - 2 scrolls of vulnerability {unknown}
 M - a scroll of amnesia {unknown}
Potions
 f - 4 potions of curing
 j - 2 potions of flight
 v - 2 potions of mutation
 w - 2 potions of magic
 x - a potion of heal wounds
 F - a potion of cancellation {unknown}
 G - a potion of berserk rage {unknown}
 O - a potion of brilliance {unknown}
Miscellaneous
 L - a phial of floods


   Skills:
 + Level 10.4 Fighting
 + Level 13.9 Long Blades
 + Level 13.5 Armour
 + Level 4.1 Dodging
 + Level 2.9 Stealth
 + Level 7.4 Shields
 + Level 1.3 Invocations
 + Level 1.3 Evocations


You had 10 spell levels left.
You didn't know any spells.
Your spell library contained the following spells:

 Spells                   Type           Power      Damage    Failure   Level
 Magic Dart               Conj           0%         1d3       100%        1
 Searing Ray              Conj           0%         2d4       100%        2
 Confusing Touch          Hex            0%         N/A       100%        3
 Conjure Flame            Conj/Fire      0%         6-21      100%        3
 Ignite Poison            Fire/Tmut/Pois 0%         N/A       100%        3
 Mephitic Cloud           Conj/Pois/Air  0%         N/A       100%        3
 Fulminant Prism          Conj/Hex       0%         3d6       100%        4
 Sticky Flame             Conj/Fire      0%         2d3       100%        4
 Borgnjor's Vile Clutch   Necr/Erth      0%         N/A       100%        5
 Yara's Violent Unravell  Hex/Tmut       0%         3d3       100%        5
 Enfeeble                 Hex            0%         N/A       100%        7
 Call Imp                 Summ           Unusable   N/A       N/A         2
 Animate Dead             Necr           Unusable   N/A       N/A         4
 Death Channel            Necr           Unusable   N/A       N/A         6

Dungeon Overview and Level Annotations

Branches:
Dungeon (11/15)            Temple (1/1) D:6            Lair (0/6) D:10
    Orc (0/2) D:9         Gauntlet (1/1)

Altars:
Ashenzari
Cheibriados
Dithmenos
Elyvilon
Fedhas
Gozag
Hepliaklqana
Kikubaaqudgha
Makhleb
Nemelex Xobeh
Okawaru
Qazlal
Ru
Sif Muna
Trog
Uskayaw
Vehumet
Wu Jian
Xom
Yredelemnul
Zin
The Shining One
Beogh

Shops:
D:1 [[   D:5 :=!=   D:10 (

Annotations:
Gauntlet 7 transporters


Innate Abilities, Weirdness & Mutations

You have a pair of horns on your head.
You reflexively headbutt those who attack you in melee.


Message History

You barely miss the hellwing.
The hellwing is lightly wounded.
The hellwing barely misses you. You block the hellwing's attack.
The hellwing hits you but does no damage.
The hellwing barely misses you.
The reaper hits you from afar with a +1 scythe of distortion!!
Space warps horribly around you!
* * * LOW HITPOINT WARNING * * *
The shadow imp misses you.
Okay, then.
The hellwing hits you but does no damage.
You block the hellwing's attack. The hellwing barely misses you.
The hellwing hits you but does no damage.
You see here the -5 hat of Nihilism {rF+ Dex+6}.
d - the -5 hat of Nihilism {rF+ Dex+6}
Okay, then.
You hit the hellwing. Your headbutt misses the hellwing.
The hellwing is lightly wounded.
You block the hellwing's attack. x2; The hellwing misses you.
You furiously retaliate!
You headbutt the hellwing. The hellwing barely misses you.
The reaper hits you from afar with a +1 scythe of distortion!
* * * LOW HITPOINT WARNING * * *
You feel like a meek peon again. You block the reaper's attack.
Really walk into that dispersal trap?
You enter a dispersal trap!
The hellwing blinks!
The reaper blinks!
The shadow imp blinks!
The reaper blinks!
The shadow imp blinks!
The shadow imp enters a dispersal trap!
The hellwing blinks!
The reaper blinks!
The hellwing blinks! x2; You blink.
The shadow imp blinks!
You blink.
The shadow imp hits you but does no damage.
The reaper barely misses you. You block the shadow imp's attack.
The hellwing swoops through the air toward you!
You block the hellwing's attack. The hellwing barely misses you.
The reaper hits you from afar with a +1 scythe of distortion.
* * * LOW HITPOINT WARNING * * *
Space warps horribly around you!!
You die...

## ### ### ### ### ### ##
≈###≈###≈###≈###≈###≈###≈##
≈≈#≈≈≈#≈≈≈#≈≈≈#≈≈≈#≈≈≈#≈≈≈#
........................≈#
..#########...#########.##
8.##.#.#.##.8.#..§.^..#.≈##
..#.#.#.#.#...#4⌠.#.#.#.≈≈#
####.#.#.######.@52..:#.≈## ..
.©#.#.#.#©#©.©#.84©.#§#.## 8.#
8.##.#©#)##.8.#..P....#..##...#
..#.#.#.#w#...#§8§#.#?#...#.8..
8.##.#.#w##.8.#.§^.^..#.∩.#...#
..#########...#########...#.©.#
8.........#.8.....#.....8.#....
..#########...#########...#.©.#
8.#.......#.8.#YYYY...#.∩.#...#


You could see a reaper, 2 hellwings, a swamp worm and a shadow imp.

Vanquished Creatures
  A two-headed ogre (D:9)
  A tengu warrior (Gauntlet)
  A fire crab (Gauntlet)
  5 centaur zombies
  Maggie (D:8)
  A komodo dragon (D:10)
  A tengu conjurer (Gauntlet)
  A hornet (D:10)
  Prince Ribbit (D:7)
  A wraith (D:11)
  A wyvern (D:9)
  A shadow (D:10)
  10 yaks
  4 fire bats (Gauntlet)
  Edmund (D:6)
  Menkaure (D:6)
  2 acid dragons
  2 water moccasins
  Duvessa (D:5)
  2 ice beasts
  5 orc warriors
  2 sky beasts (D:5)
  2 black bears
  8 ogres
  3 centaurs
  A phantom (D:4)
  A kobold brigand (D:7)
  4 bullfrogs
  3 gnoll sergeants
  Blork the orc (D:6)
  A wyvern zombie (D:7)
  4 scorpions
  A water moccasin skeleton (D:6)
  Dowan (D:5)
  5 killer bees (D:8)
  5 wights (D:7)
  5 howler monkeys
  A bullfrog zombie (D:6)
  A jelly (D:5)
  A centaur skeleton (D:7)
  5 orc priests
  Crazy Yiuf (D:6)
  A bullfrog skeleton (D:6)
  5 hounds (D:5)
  Ijyb (D:3)
  4 orc wizards
  Natasha (thrice) (D:4)
  3 iguanas (D:4)
  A howler monkey zombie (D:6)
  41 gnolls
  4 adders
  A shadow imp (D:8)
  3 white imps
  A worm (D:2)
  2 dart slugs
  53 orcs
  6 ball pythons
  5 bats
  8 endoplasms
  3 giant cockroaches
  3 hobgoblins
  13 jackals (D:5)
  16 kobolds
  3 quokkas
  5 frilled lizards
  4 goblins
  4 rats
293 creatures vanquished.

Vanquished Creatures (others)
  19 fungi (D:10)
  23 plants
  3 withered plants (Gauntlet)
45 creatures vanquished.

Grand Total: 338 creatures vanquished

Notes
Turn   | Place    | Note
-------+----------+-------------------------------------------
     0 | D:1      | Peloso the Minotaur Fighter began the quest for the Orb.
     0 | D:1      | Reached XP level 1. HP: 19/19 MP: 0/0
    40 | D:1      | Found Enaliz's Armour Shop.
    42 | D:1      | Found Queral's Antique Armour Emporium.
   178 | D:1      | Reached XP level 2. HP: 26/27 MP: 1/1
   738 | D:1      | Found a faded altar of an unknown god.
   995 | D:2      | Reached XP level 3. HP: 22/33 MP: 2/2
  1760 | D:3      | Reached skill level 1 in Dodging
  1764 | D:3      | Reached XP level 4. HP: 14/40 MP: 3/3
  2283 | D:3      | Noticed Ijyb
  2292 | D:3      | Killed Ijyb
  2293 | D:3      | Reached skill level 5 in Armour
  3054 | D:4      | Reached XP level 5. HP: 40/43 MP: 4/4
  3140 | D:4      | Noticed an ogre
  3147 | D:4      | Killed an ogre
  3151 | D:4      | Reached XP level 6. HP: 14/53 MP: 5/5
  3676 | D:4      | Noticed Natasha
  3679 | D:4      | Killed Natasha
  3680 | D:4      | Reached skill level 5 in Long Blades
  3894 | D:4      | Reached skill level 5 in Fighting
  3894 | D:4      | Reached XP level 7. HP: 56/61 MP: 6/6
  4216 | D:4      | Noticed Natasha
  4224 | D:4      | Killed Natasha
  4310 | D:5      | Entered Level 5 of the Dungeon
  4694 | D:5      | Found Askeg's Jewellery Boutique.
  4925 | D:4      | Noticed Natasha
  4931 | D:4      | Killed Natasha
  5192 | D:5      | Noticed Duvessa
  5192 | D:5      | Noticed Dowan
  5195 | D:5      | Killed Dowan
  5200 | D:5      | Killed Duvessa
  5201 | D:5      | Reached XP level 8. HP: 10/70 MP: 7/7
  5506 | D:5      | Found Suveqaos's Distillery.
  5514 | D:5      | Bought a potion of mutation for 88 gold pieces
  5810 | D:5      | Found Muth's Book Shoppe.
  5819 | D:5      | Reached skill level 1 in Stealth
  6105 | D:5      | Found Xyaj's Jewellery Shoppe.
  6246 | D:5      | Reached XP level 9. HP: 74/79 MP: 8/8
  7231 | D:5      | Reached skill level 5 in Shields
  7430 | D:6      | Noticed Menkaure
  7435 | D:6      | Reached skill level 10 in Long Blades
  7439 | D:6      | Killed Menkaure
  7441 | D:6      | Noticed Blork the orc
  7448 | D:6      | Killed Blork the orc
  7459 | D:6      | Noticed Edmund
  7466 | D:6      | Killed Edmund
  7493 | D:6      | Found a staircase to the Ecumenical Temple.
  7681 | Temple   | Entered the Ecumenical Temple
  7731 | Temple   | Became a worshipper of Warmaster Okawaru
  7792 | D:6      | Found a hide-covered altar of Uskayaw.
  8141 | D:6      | Found a runed translucent door.
  8142 | D:6      | Noticed Crazy Yiuf
  8353 | D:6      | Killed Crazy Yiuf
  8536 | D:7      | Reached skill level 1 in Evocations
  8783 | D:7      | Reached * piety under Okawaru
  8794 | D:7      | Reached XP level 10. HP: 84/89 MP: 9/9
  8805 | D:7      | Reached skill level 10 in Armour
  8826 | D:7      | Noticed Prince Ribbit
  8849 | D:7      | Killed Prince Ribbit
  9672 | D:8      | Noticed Maggie
  9688 | D:8      | Killed Maggie
  9924 | D:8      | Identified the +1 cloak "Zixiz" {rElec Will+}
 10312 | D:8      | Reached ** piety under Okawaru
 11077 | D:9      | Found a staircase to the Orcish Mines.
 11637 | D:9      | Identified the +5 dagger "Qotuff" {spect, Int+4}
 12171 | D:9      | Noticed a two-headed ogre
 12178 | D:9      | Killed a two-headed ogre
 12178 | D:9      | Reached *** piety under Okawaru
 12702 | D:10     | Entered Level 10 of the Dungeon
 12720 | D:10     | Reached XP level 11. HP: 98/99 MP: 10/10
 12834 | D:10     | Reached **** piety under Okawaru
 12944 | D:10     | Found a staircase to the Lair.
 13042 | D:10     | Reached skill level 10 in Fighting
 13079 | D:10     | Paralysed by a hornet for 3 turns
 13458 | D:10     | Reached skill level 1 in Invocations
 13915 | D:10     | Found Vera's Weapon Emporium.
 14075 | D:11     | Found a gate leading to a gauntlet.
 14080 | D:11     | Noticed a two-headed ogre
 14095 | Gauntlet | Entered a Gauntlet
 14095 | Gauntlet | Noticed a tengu warrior
 14095 | Gauntlet | Found a transporter.
 14095 | Gauntlet | Found a transporter.
 14104 | Gauntlet | Found a transporter.
 14107 | Gauntlet | Found a transporter.
 14111 | Gauntlet | Found a runed translucent door.
 14111 | Gauntlet | Found a runed translucent door.
 14111 | Gauntlet | Noticed a fire crab
 14120 | Gauntlet | Found a transporter.
 14124 | Gauntlet | Found a transporter.
 14129 | Gauntlet | Noticed a dire elephant
 14136 | Gauntlet | Found a transporter.
 14151 | Gauntlet | Noticed a reaper
 14152 | Gauntlet | Found a transporter.
 14158 | Gauntlet | Found a transporter.
 14178 | Gauntlet | Found a transporter.
 14191 | Gauntlet | Found a transporter.
 14194 | Gauntlet | Found a transporter.
 14202 | Gauntlet | Noticed a wizard
 14671 | Gauntlet | Killed a tengu warrior
 14784 | Gauntlet | Killed a fire crab
 15071 | Gauntlet | Identified the -5 hat of Nihilism {rF+ Dex+6}
 15076 | Gauntlet | Slain by a reaper

Illustrated notes

Levels and vault maps discovered:
D:1:      dpeg_arrival_court, layout_basic, serial_shops, nicolae_shop_stone,
          nicolae_shop_statue_plus, shapermc_ecumenical_altar_totnotflames
D:2:      layout_rooms
D:3:      layout_loops_ring, serial_rivers, chequers_serial_rivers_micro_e,
          chequers_serial_rivers_large_b, chequers_serial_rivers_large_a,
          chequers_serial_rivers_small_a, chequers_serial_rivers_micro_c,
          chequers_serial_rivers_small_b, uniq_ijyb
D:4:      layout_basic, uniq_natasha
D:5:      lemuel_castle_with_subvaults [lemuel_castle_interior_original],
          layout_loops_corners, serial_shops, shop, shop_coins, shop,
          nicolae_lakefront_shop, cheibrodos_gnoll_hut, uniq_duvessa
D:6:      layout_basic, nicolae_uskayaw_suspiria, minmay_temple_entry_waves,
          st_stairs_10, uniq_blork_the_orc, uniq_crazy_yiuf_cottage,
          uniq_menkaure, uniq_edmund
D:7:      layout_basic, uniq_prince_ribbit1
D:8:      layout_loops_corners, kennysheep_generic_room_4, uniq_maggie
D:9:      layout_gridville, david_orc_5
D:10:     layout_basic, due_lair_maze_entry_diamond, serial_shops,
          nicolae_shop_bloodbath_and_beyond
D:11:     minmay_the_grid_octo_tiled_squarecenter
          [minmay_the_grid_octo_pinwheel, minmay_the_grid_octo_fan_narrow,
          minmay_the_grid_octo_clover, minmay_the_grid_octo_checkered,
          minmay_the_grid_square_5x5_megaprize_crossed,
          minmay_the_grid_square_5x5_spiral,
          minmay_the_grid_square_5x5_shuriken,
          minmay_the_grid_square_5x5_corner,
          minmay_the_grid_square_5x5_detours], layout_basic,
          gauntlet_entry_generic
Temple:   kilobyte_greek_temple
Gauntlet: minmay_gauntlet_77_indecision [minmay_gauntlet_arena_77_mess,
          minmay_gauntlet_arena_77_box, minmay_gauntlet_arena_77_shame_cube,
          minmay_gauntlet_arena_77_checkered,
          minmay_gauntlet_arena_77_radiant_squares,
          minmay_gauntlet_arena_77_museum, gauntlet_exit_green]

Skill      XL: |  1  2  3  4  5  6  7  8  9 10 11 |
---------------+----------------------------------+-----
Armour         | 4 5 6 7 8 9 12 13 | 13.5
Shields        | 4 5 6 7 |  7.4
Fighting       | 4 5 7 8 9 10 | 10.4
Long Blades    | 3 4 5 7 9 11 13 | 13.9
Dodging        | 1 2 3 4 |  4.1
Stealth        | 1 2 |  2.9
Evocations     | 1 |  1.3
Invocations    | 1 |  1.3

Action                   |  1- 3 |  4- 6 |  7- 9 | 10-12 || total
-------------------------+-------+-------+-------+-------++-------
Melee: Long sword        |    78 |    79 |   360 |   429 ||   946
       Headbutt          |     7 |    12 |    66 |   101 ||   186
Invok: Heroism           |       |       |       |    12 ||    12
Evoke: Wand              |       |       |     6 |     4 ||    10
  Use: Scroll            |     2 |       |     4 |     6 ||    12
       Potion            |       |     1 |       |     3 ||     4
 Stab: Paralysed         |       |       |     6 |       ||     6
Armor: Scale mail        |    38 |    20 |    21 |       ||    79
       Chain mail        |       |       |   145 |   220 ||   365
Dodge: Dodged            |    37 |    37 |   152 |   170 ||   396
Block: Buckler           |    20 |    10 |    71 |   105 ||   206
       Kite shield       |       |       |       |    59 ||    59
